 Dungeon Sprint DCSS version 0.30.1-9-gdf580d7c3d (webtiles) character file.

Game seed: 1722898084886163960

277 Heoruswealwe the Spear-Bearer (level 6, 0/62 HPs)
             Began as a Minotaur Fighter on Sept 29, 2023.
             Slain by a black bear (3 damage)
             ... in the Dungeon (Sprint IX: "|||||||||||||||||||||||||||||").
             The game lasted 00:01:17 (54 turns).

Heoruswealwe the Spear-Bearer (Minotaur Fighter)      Turns: 54, Time: 00:01:19

Health: 0/62       AC:  8    Str: 23    XL:     6   Next: 4%
Magic:  5/5        EV:  9    Int:  5    God:
Gold:   0          SH:  4    Dex:  9    Spells: 5/5 levels left

rFire   . . .        a - +0 trident
rCold   . . .        d - +0 buckler
rNeg    . . .        c - +0 scale mail
rPois   .            (helmet restricted)
rElec   .            (no cloak)
rCorr   .            (no gloves)
SInv    .            (no boots)
Will    .....        (no amulet) Stlth
                     (no ring)
HPRegen 0.30/turn    (no ring)
MPRegen 0.09/turn

%: no teleportation
@: no status effects
A: horns 2, retaliatory headbutt
a: no special abilities


You were in the Dungeon.
You visited 1 branch

Inventory:

Hand Weapons
 a - a +0 trident (weapon)
Armour
 c - a +0 scale mail (worn)
 d - a +0 buckler (worn)
Scrolls
 j - a scroll of blinking
Potions
 b - a potion of might
 g - a potion of haste
 i - a potion of berserk rage


   Skills:
 + Level 8.4 Fighting
 * Level 10.9 Polearms
 + Level 8.4 Armour
 - Level 3.6 Shields


You had 5 spell levels left.
You didn't know any spells.
Your spell library was empty.

Dungeon Overview and Level Annotations

Branches:
Dungeon (1/1)

Altars:


Innate Abilities, Weirdness & Mutations

You have a pair of horns on your head.
You reflexively headbutt those who attack you in melee.


Message History

The scorpion is heavily wounded.
You feel sick. The scorpion barely misses you. You furiously retaliate!
You headbutt the scorpion. You completely miss the scorpion.
The scorpion is severely wounded.
You feel sick. The scorpion completely misses you. You furiously retaliate!
You headbutt the scorpion!
You kill the scorpion!
Your Fighting skill increases to level 8!
Your Armour skill increases to level 8!
You have reached level 6!
Reach: a) +0 trident
Press: ? - help, Dir - move target, f - black bear
Aim: a black bear (about 29% to evade your +0 trident)
You reach to attack!
You closely miss the black bear.
You feel sick.
You hit the black bear but do no damage.
You feel sick. You block the black bear's attack.
The black bear closely misses you. x2
You barely miss the black bear.
You feel sick. The black bear barely misses you. The black bear claws you.
* * * LOW HITPOINT WARNING * * *
The black bear closely misses you.
You puncture the black bear!
The black bear is heavily wounded.
You feel sick. The black bear barely misses you.
The black bear claws you but does no damage.
The black bear barely misses you.
You closely miss the black bear. Your headbutt misses the black bear.
The black bear is heavily wounded.
You feel sick.
You puncture the black bear!
The black bear is severely wounded.
The black bear goes berserk!
You hit the black bear.
The black bear is severely wounded.
You feel sick.
You are no longer poisoned.
The black bear bites you but does no damage.
The black bear claws you.
You die...

▓.▓
▓!▓
▓.▓
▓†▓
▓†▓
▓.▓
▓.▓
▓.▓
▓@▓
▓h▓
▓.▓
▓.▓
▓.▓
▓.▓
▓.▓
▓+▓


You could see a black bear (berserk).

Vanquished Creatures
  An ogre (D)
  A phantom (D)
  2 scorpions (D)
  A dart slug (D)
  A ball python (D)
  An endoplasm (D)
  2 frilled lizards (D)
9 creatures vanquished.

Notes
Turn   | Place    | Note
-------+----------+-------------------------------------------
     0 | D        | Heoruswealwe the Minotaur Fighter began the quest for the
                  | Orb.
     0 | D        | Reached XP level 1. HP: 19/19 MP: 0/0
     8 | D        | Reached skill level 3 in Polearms
    12 | D        | Reached skill level 4 in Polearms
    17 | D        | Noticed a phantom
    17 | D        | Noticed a scorpion
    17 | D        | Noticed an ogre
    17 | D        | Noticed a scorpion
    17 | D        | Noticed a black bear
    27 | D        | Killed a phantom
    28 | D        | Reached skill level 7 in Polearms
    28 | D        | Reached XP level 2. HP: 13/30 MP: 1/1
    28 | D        | Reached XP level 3. HP: 16/37 MP: 2/2
    28 | D        | Reached XP level 4. HP: 19/44 MP: 3/3
    33 | D        | Killed a scorpion
    34 | D        | Reached skill level 8 in Polearms
    34 | D        | Reached XP level 5. HP: 32/52 MP: 4/4
    38 | D        | Killed an ogre
    39 | D        | Reached skill level 10 in Polearms
    48 | D        | Reached XP level 6. HP: 10/62 MP: 5/5
    52 | D        | HP: 3/62 [poisoned by a scorpion]
    54 | D        | Slain by a black bear

Illustrated notes

Levels and vault maps discovered:
D:        linesprint [early_d, line_temple, items_1, d_10, items_2, lair_1,
          lair_end, items_3, orc_1, orc_end, items_4, d_15, swamp_1, shoals_1,
          snake_1, spider_1, d_20, vaults_1, items_5, swamp_end, shoals_end,
          snake_end, spider_end, vaults_end, d_27, items_6, zot_1, zot_end,
          crypt_end, forest_end, elf_end, slime_end, tomb_end, abyss_end,
          pan_hell_end]

Skill      XL: |  1  2  3  4  5 |
---------------+----------------+-----
Polearms       | 7 8 10 | 10.9
Fighting       | 6 7 8 |  8.4
Armour         | 6 7 8 |  8.4
Shields        | |  3.6

Action                     |  1- 3 |  4- 6 || total
---------------------------+-------+-------++-------
  Melee: Trident           |    16 |    25 ||    41
         Headbutt          |     1 |     3 ||     4
    Use: Potion            |       |     2 ||     2
 Armour: Scale mail        |     1 |     7 ||     8
  Dodge: Dodged            |     7 |     9 ||    16
  Block: Buckler           |       |     5 ||     5
